Map: Daybreak LE (Void)

Players

Fropez - Winner!

  • Race: Protoss Protoss
  • League: Gold
  • Spawn Location: 1:00

Entelechy

  • Race: Protoss Protoss
  • League: Gold
  • Spawn Location: 7:00

VOD

Have the link to the VOD?

Description

Time

  • Played on: Jan. 2, 2017, 8:56 p.m.
  • Length: 12:56
Show
View Real Time Build Order
Export as new Build Order

Fropez Protoss - Winner!

Build Orders: Double Forge 

Get SALT Encoding   

  12  0:01  Probe (Chrono Boost)  
  13  0:11  Probe (Chrono Boost)  
  14  0:18  Pylon  
  14  0:23  Probe (Chrono Boost)  
  15  0:36  Probe (Chrono Boost)  
  15  0:38  Gateway  
  16  0:46  Probe (Chrono Boost)  
  16  0:48  Assimilator  
  18  0:57  Probe (Chrono Boost)  
  18  1:07  Probe (Chrono Boost)  
  19  1:11  Pylon  
  19  1:18  Probe (Chrono Boost)  
  20  1:28  Probe (Chrono Boost)  
  20  1:32  Pylon  
  21  1:34  Cybernetics Core  
  21  1:38  Pylon  
  21  1:39  Probe (Chrono Boost)  
  22  1:47  Assimilator  
  22  1:50  Probe (Chrono Boost)  
  23  2:00  Probe (Chrono Boost)  
  24  2:01  Gateway  
  24  2:05  Warp Gate  
  24  2:09  Stalker  
  24  2:11  Probe (Chrono Boost)  
  28  2:23  Probe (Chrono Boost)  
  28  2:28  Gateway  
  29  2:40  Mothership Core (Chrono Boost)  
  29  2:42  Pylon  
  30  2:46  Stalker  
  32  3:00  Probe (Chrono Boost)  
  32  3:04  Zealot  
  35  3:12  Probe (Chrono Boost)  
  36  3:19  Nexus  
  36  3:26  Stalker  
  39  3:35  Zealot  
  39  3:38  Zealot  
  42  3:54  Twilight Council  
  42  3:55  Probe (Chrono Boost)  
  43  3:58  Stalker  
  45  4:20  Blink  
  45  4:32  Probe (Chrono Boost)  
  45  4:39  Probe (Chrono Boost)  
  45  4:40  Gateway  
  45  4:44  Probe (Chrono Boost)  
  47  4:47  Forge  
  47  4:49  Forge, Stalker  
  47  4:50  Probe (Chrono Boost)  
  49  5:00  Probe (Chrono Boost)  
  49  5:01  Stalker  
  49  5:05  Stalker  
  55  5:14  Probe (Chrono Boost)  
  55  5:15  Probe (Chrono Boost), Stalker  
  57  5:23  Protoss Ground Weapons Level 1  
  57  5:27  Probe (Chrono Boost)  
  59  5:29  Probe (Chrono Boost)  
  59  5:31  Pylon  
  59  5:33  Protoss Ground Armor Level 1  
  59  5:39  Probe (Chrono Boost)  
  59  5:41  Probe (Chrono Boost)  
  61  5:53  Stalker x2  
  55  6:47  Stalker  
  55  6:48  Stalker x3  
  55  6:51  Probe x2 (Chrono Boost)  
  61  6:54  Gateway  
  61  6:57  Gateway  
  61  6:59  Gateway  
  61  7:03  Probe x2 (Chrono Boost), Gateway  
  63  7:10  Protoss Ground Armor Level 2, Protoss Ground Weapons Level 2  
  63  7:11  Assimilator  
  63  7:13  Assimilator  
  63  7:15  Probe (Chrono Boost)  
  64  7:17  Pylon  
  64  7:18  Pylon  
  64  7:21  Pylon  
  64  7:23  Pylon  
  64  7:35  Sentry x2  
  64  7:36  Probe (Chrono Boost)  
  69  7:42  Pylon  
  67  7:57  Sentry  
  67  7:58  Stalker  
  71  8:04  Probe (Chrono Boost)  
  71  8:05  Pylon, Probe (Chrono Boost)  
  73  8:06  Zealot x2  
  73  8:07  Zealot x2  
  81  8:14  Pylon  
  81  8:32  Stalker x3  
  87  8:44  Stalker x2  
  92  8:56  Probe x2 (Chrono Boost)  
  92  9:01  Stalker x2  
  92  9:08  Probe x2 (Chrono Boost)  
  93  9:15  Stalker x3  
  91  9:39  Stalker  
  93  10:01  Nexus  
  88  10:23  Pylon  
  88  10:26  Pylon  
  88  10:28  Pylon  
  88  10:33  Nexus  
  88  10:35  Pylon  
  88  10:38  Pylon  
  88  10:42  Pylon  
  88  10:49  Pylon  
  87  11:00  Pylon  
  87  11:03  Pylon  
  87  11:06  Pylon  
  87  11:08  Assimilator, Cybernetics Core  
  87  11:13  Gateway  
  87  11:14  Assimilator  
  87  11:15  Pylon  
  87  11:17  Pylon, Probe x2 (Chrono Boost)  
  89  11:26  Pylon  
  89  12:06  Gateway  
Show
View Real Time Build Order
Export as new Build Order

Entelechy Protoss 

Build Orders: Oracle Opening 

Get SALT Encoding   

  12  0:10  Pylon  
  12  0:15  Probe (Chrono Boost)  
  13  0:28  Gateway  
  13  0:36  Assimilator  
  13  0:42  Assimilator  
  13  0:45  Probe (Chrono Boost)  
  14  0:55  Probe (Chrono Boost)  
  15  1:06  Probe (Chrono Boost)  
  16  1:16  Probe (Chrono Boost)  
  17  1:33  Forge  
  17  1:47  Probe (Chrono Boost)  
  18  1:57  Cybernetics Core  
  18  2:02  Pylon  
  18  2:06  Probe (Chrono Boost)  
  19  2:18  Pylon  
  19  2:23  Probe (Chrono Boost)  
  20  2:38  Stargate  
  20  2:47  Stargate  
  20  3:01  Photon Cannon  
  20  3:04  Probe (Chrono Boost)  
  21  3:17  Oracle  
  24  3:30  Oracle  
  27  3:46  Probe (Chrono Boost)  
  27  3:48  Oracle  
  28  3:55  Photon Cannon  
  31  4:00  Probe (Chrono Boost)  
  32  4:16  Void Ray  
  36  4:42  Pylon  
  36  4:46  Void Ray  
  34  5:17  Void Ray  
  38  5:24  Void Ray  
  42  5:38  Pylon  
  42  5:45  Probe (Chrono Boost), Photon Cannon  
  41  7:13  Pylon  
  41  7:16  Pylon  
  41  7:31  Void Ray x2  
  41  7:33  Probe (Chrono Boost)  
  41  7:36  Protoss Shields Level 1  
  50  7:47  Pylon  
  50  7:48  Photon Cannon  
  50  7:57  Protoss Air Weapons Level 1  
  50  8:14  Void Ray  
  51  9:40  Pylon  
  51  9:44  Stargate  
  51  9:47  Stargate  
  51  9:49  Protoss Air Armor Level 1  
  51  10:35  Void Ray  
  55  10:39  Void Ray  
Tags
 
Add a new tag
Caveats
  • Supply blocks, unpowered buildings, or Contaminate may cause inaccurate times.
  • Supply counts are checked every 10 seconds.